 Dungeon Crawl Stone Soup version 0.24.0-13-gcf9b319 (webtiles) character file.

Game seed: 12733710232487311471, levelgen mode: deterministic

232 jcbcroft the Poker (level 5, -4/40 HPs)
             Began as a Demonspawn Assassin on Nov 9, 2019.
             Killed by divine providence
             ... invoked by an orc priest
              (15 damage)
             ... on level 3 of the Dungeon.
             The game lasted 00:08:49 (5356 turns).

jcbcroft the Poker (Demonspawn Assassin)            Turns: 5356, Time: 00:08:49

Health: -4/40      AC:  7    Str: 10 (12) XL:     5   Next: 73%
Magic:  5/5        EV:  7    Int: 11 (13) God:
Gold:   151        SH:  3    Dex: 11 (14) Spells: 4/4 levels left

rFire    . . .     SeeInvis .   n - +0 spear
rCold    + . .     Gourm    .   j - +0 buckler
rNeg     . . .     Faith    .   o - +0 scale mail
rPois    +         Spirit   .   (no helmet)
rElec    .         Reflect  .   c - +0 cloak
rCorr    .         Harm     .   (no gloves)
MR       .....                  (no boots)
Stlth    +.........             (no amulet)
HPRegen  0.13/turn              s - ring of poison resistance
MPRegen  0.09/turn              (no ring)

@: no status effects
A: cold resistance 1, rot immunity
a: no special abilities


You were on level 3 of the Dungeon.
You were not hungry.

You visited 1 branch of the dungeon, and saw 3 of its levels.

You collected 151 gold pieces.

Inventory:

Hand Weapons
 a - a +2 dagger
 n - a +0 spear (weapon)
Missiles
 d - 17 poisoned darts
 e - 2 curare-tipped darts (quivered)
Armour
 c - a +0 cloak (worn)
 h - a +0 ring mail
 j - a +0 buckler (worn)
 o - a +0 scale mail (worn)
Jewellery
 s - a ring of poison resistance (left hand)
Scrolls
 g - a scroll of random uselessness {unknown}
 i - a scroll of remove curse {unknown}
 k - a scroll of identify {unknown}
 l - a scroll of amnesia {unknown}
 q - a scroll of teleportation {unknown}
 u - a scroll of immolation {unknown}
Potions
 b - 2 potions of cancellation {unknown}
 m - a potion of degeneration
 p - 2 potions of lignification
 r - a potion of haste {unknown}
 t - a potion of curing {unknown}
Comestibles
 f - a ration


   Skills:
 + Level 2.9 Fighting
 - Level 2.6 Short Blades
 * Level 3.8 Polearms
 - Level 1.7 Throwing
 - Level 0.8 Dodging
 - Level 3.6 Stealth
 - Level 1.5 Shields


You had 4 spell levels left.
You didn't know any spells.
Your spell library was empty.

Dungeon Overview and Level Annotations

Branches:
Dungeon (3/15)

Altars:
Kikubaaqudgha


Innate Abilities, Weirdness & Mutations

Your flesh is cold resistant. (rC+)
You are immune to rotting.


Message History

You reach to attack!
You barely miss the orc priest.
The orc priest is moderately wounded.
The orc hits you but does no damage.
Attack whom?
Press: ? - help, Dir - move target cursor, f/p - orc priest
Aim: an orc priest, wielding a +0 club (moderately wounded)
You reach to attack!
You hit the orc priest.
The orc priest is heavily wounded.
The orc priest calls down the wrath of Beogh upon you.
Beogh smites you!
* * * LOW HITPOINT WARNING * * *
The orc hits you but does no damage.
Attack whom?
Press: ? - help, Dir - move target cursor, f/p - orc priest
Aim: an orc priest, wielding a +0 club (heavily wounded)
The orc is in the way.
You closely miss the orc.
The orc is moderately wounded.
The orc priest invokes the aid of Beogh against you.
Beogh smites you!
You die...

#.# ##'## #.##.# #.#
#.# #. #.##.###.# #.#
#.#########........#
#.# #
##.#........###.#####
#.# #.#....######.#
#.# #.....#### #.#
#.# #...o...###.###.#
##.#o##.........#
#.##@######.##### #.#
#.######.# #.#
#........# ##
##########


You could see an orc priest and an orc.

Vanquished Creatures
  An orc priest (D:3)
  A hound (D:3)
  2 orc wizards
  2 adders
  An ooze (D:2)
  3 worms
  2 dart slugs
  5 leopard geckos
  9 orcs
  9 bats
  3 bat zombies (D:3)
  2 giant cockroaches
  10 goblins
  4 hobgoblins
  5 kobolds
  A quokka (D:2)
  5 frilled lizards
  7 rats
  A rat zombie (D:3)
73 creatures vanquished.

Notes
Turn   | Place    | Note
-------+----------+-------------------------------------------
     0 | D:1      | jcbcroft the Demonspawn Assassin began the quest for the
                  | Orb.
     0 | D:1      | Reached XP level 1. HP: 16/16 MP: 1/1
   192 | D:1      | Gained mutation: Your flesh is cold resistant. (rC+)
                  | [demonic ancestry]
   192 | D:1      | Reached XP level 2. HP: 15/22 MP: 2/2
   655 | D:1      | Reached skill level 1 in Shields
  1201 | D:1      | Reached XP level 3. HP: 24/28 MP: 3/3
  2661 | D:3      | Reached skill level 1 in Polearms
  2661 | D:3      | Reached XP level 4. HP: 17/34 MP: 4/4
  4042 | D:3      | Gained mutation: You are immune to rotting. [demonic
                  | ancestry]
  4042 | D:3      | Reached XP level 5. HP: 40/40 MP: 5/5
  4567 | D:3      | Found an ancient bone altar of Kikubaaqudgha.
  4999 | D:3      | HP: 3/60 [orc priest/+0 hand axe (4)]
  5356 | D:3      | Killed from afar by an orc priest

Levels and vault maps discovered:
D:1:      eino_arrival_druids_welcome, layout_basic, minmay_heptomino_h4
D:2:      layout_basic
D:3:      kennysheep_the_goblin_king, layout_loops_corners,
          lemuel_zombie_altar_kikubaaqudgha

Skill      XL: |  1  2  3  4  5 |
---------------+----------------+-----
Short Blades   | 2 |  2.6
Shields        | 1 |  1.5
Polearms       | 1 2 3 |  3.8
Fighting       | |  2.9
Throwing       | |  1.7
Dodging        | |  0.8
Stealth        | |  3.6

Action                   |  1- 3 |  4- 6 || total
-------------------------+-------+-------++-------
Melee: Dagger            |   159 |       ||   159
       Spear             |    54 |   291 ||   345
Throw: Dart              |       |     1 ||     1
  Use: Potion            |       |     3 ||     3
 Stab: Sleeping          |     1 |       ||     1
  Eat: Chunk             |     2 |     2 ||     4
       Ration            |     1 |     2 ||     3
Armor: Ring mail         |   137 |    17 ||   154
       Robe              |     4 |       ||     4
       Scale mail        |       |   105 ||   105
       Skin              |       |    21 ||    21
Dodge: Dodged            |   121 |    80 ||   201
Block: Buckler           |    45 |    43 ||    88
